 Dungeon Crawl Stone Soup version 0.22-a0-86-g94e0ad4 (webtiles) character file.

1554 KristoblXynda the Grappler (level 8, -3/59 HPs)
             Began as a Grey Draconian Transmuter on Jan 21, 2018.
             Was a Believer of Ashenzari.
             Slain by a hippogriff (11 damage)
             ... on level 7 of the Dungeon.
             The game lasted 00:14:05 (7730 turns).

KristoblXynda the Grappler (DrTm)                   Turns: 7730, Time: 00:14:05

Health: -3/59      AC:  2    Str: 12 (14) XL:     8   Next: 57%
Magic:  9/11       EV: 20    Int: 11 (14) God:    Ashenzari [**....]
Gold:   495        SH:  0    Dex: 14 (17) Spells: 7/11 levels left

rFire    . . .     SeeInvis .     - Unarmed
rCold    + . .     Gourm    .   (shield currently unavailable)
rNeg     . . .     Faith    .   (armour unavailable)
rPois    x         Spirit   .   (helmet currently unavailable)
rElec    .         Reflect  .   (cloak currently unavailable)
rCorr    .         Harm     .   (gloves currently unavailable)
MR       .....                  (boots currently unavailable)
Stlth    +.........             (no amulet)
HPRegen  0.19/turn              j - ring of protection from cold
MPRegen  0.12/turn              (no ring)

@: spider-form (expiring)
A: tiny, (walk through water), unfitting armour, AC +11
a: End Transformation, Curse Item, Scrying, Renounce Religion


You were on level 7 of the Dungeon.
You worshipped Ashenzari.
Ashenzari was pleased with you.
You were not hungry.
You were a venomous arachnid creature.
You visited 2 branches of the dungeon, and saw 8 of its levels.
You also visited: Ossuary.

You collected 495 gold pieces.

Inventory:

Missiles
 n - a throwing net (quivered)
Armour
 g - a cursed +0 buckler (melded)
 w - a cursed +0 cloak (melded)
 B - a +0 pair of gloves (melded)
 E - a +0 pair of boots (melded)
Jewellery
 j - a ring of protection from cold (left front leg)
 u - an uncursed amulet of magic regeneration
 y - an uncursed ring of flight
Wands
 s - a wand of digging (13)
 x - a wand of enslavement (9)
 D - a wand of paralysis (16)
Scrolls
 d - 4 scrolls of teleportation
 h - 2 scrolls of amnesia
 m - 2 scrolls of immolation
 o - 2 scrolls of enchant armour {unknown}
 p - a scroll of random uselessness {unknown}
 r - 3 scrolls of fear {unknown}
 v - 3 scrolls of magic mapping
 C - a scroll of fog {unknown}
 G - a scroll of remove curse
 H - 2 scrolls of identify
Potions
 a - a potion of flight
 e - a potion of cancellation
 f - a potion of haste
 i - 2 potions of magic {unknown}
 k - 2 potions of might
 l - 2 potions of brilliance
 q - 5 potions of curing
 t - 2 potions of invisibility {unknown}
 z - 3 potions of ambrosia
 A - a potion of lignification
 F - a potion of degeneration
 I - a potion of heal wounds {unknown}
Books
 b - a book of Changes

   Spells                             Type                      Level
   a - Beastly Appendage              Transmutation                1
   b - Sticks to Snakes               Transmutation                2
   c - Spider Form                    Transmutation/Poison         3
   d - Ice Form                       Ice/Transmutation            4
   e - Blade Hands                    Transmutation                5
Comestibles
 c - 7 rations
 J - 3 chunks of flesh


   Skills:
 - Level 1.1 Fighting
 - Level 2.6 Dodging
 - Level 3.5(4.8) Shields
 * Level 8.3 Unarmed Combat
 - Level 2.0 Spellcasting
 + Level 5.9 Transmutations
 + Level 2.1 Evocations


You had 7 spell levels left.
You knew the following spells:

 Your Spells              Type           Power        Failure   Level  Hunger
a - Beastly Appendage     Tmut           ##....       10%         1    ##.....
b - Spider Form           Tmut/Pois      #.........   47%         3    ####...


Dungeon Overview and Level Annotations

Branches:
Dungeon (7/15)             Temple (1/1) D:4

Altars:
Ashenzari
Cheibriados
Dithmenos
Elyvilon
Fedhas
Gozag
Hepliaklqana
Kikubaaqudgha
Makhleb
Nemelex Xobeh
Okawaru
Qazlal
Ru
Sif Muna
Trog
Uskayaw
Vehumet
Wu Jian
Xom
Yredelemnul
Zin
The Shining One

Shops:
D:6 [*


Innate Abilities, Weirdness & Mutations

((You can walk through water.))
((Your dull iron-grey scales are very hard. (AC +11)))
You cannot fit into any form of body armour.
((You can survive without breathing.))
((You are cold-blooded and may be slowed by cold attacks.))


Message History

You hit the hippogriff.
The hippogriff is lightly wounded.
The hippogriff bites you!
* * * LOW HITPOINT WARNING * * *
The hippogriff misses you. The hippogriff claws you!
* * * LOW HITPOINT WARNING * * *
You hit the hippogriff but do no damage.
The hippogriff is poisoned.
The hippogriff is lightly wounded.
Your transformation is almost over.
The hippogriff completely misses you. x2; The hippogriff closely misses you.
You hit the hippogriff but do no damage.
The hippogriff looks as sick as possible!
The hippogriff is lightly wounded.
You see here an uncursed long sword.
It was a potion of degeneration.
There was something very wrong with that liquid.
You feel weakened.
You feel dopey.
You feel clumsy. The hippogriff bites you!
You die...

## ## ########. .#
#........#.# ,
#.##.#*#...# *
##....####.### , ,
##..#..##...s.# ,
##..###..#.###H# *, ,
#.)'#.##...# #.# ,
#)##...##..###.#
#).##.##.......# * *
#...###..#.#.#.#######,
, ,
#....#..##.......H....
##.#...#####..........,
, #...### ########.#. *


You could see a hippogriff.

Vanquished Creatures
  A sky beast (D:5)
  An ice beast (D:7)
  3 ogres
  2 phantoms
  A bullfrog (D:4)
  2 scorpions (D:5)
  A howler monkey (D:6)
  A bullfrog zombie (D:5)
  A crimson imp (D:5)
  A hound (D:4)
  A quasit (D:6)
  2 orc priests (D:3)
  A bullfrog skeleton (D:7)
  2 iguanas
  An orc wizard (D:4)
  2 worker ants (D:5)
  A big kobold zombie (Ossuary)
  A hound zombie (D:6)
  8 mummies (Ossuary)
  6 gnolls
  8 adders
  2 shadow imps
  An ooze (D:3)
  A worm (D:2)
  An adder skeleton (D:4)
  2 dart slugs (D:1)
  3 leopard geckos
  14 orcs
  9 bats
  7 giant cockroaches
  A gnoll zombie (Ossuary)
  3 goblins
  8 hobgoblins
  14 jackals
  A quokka (D:5)
  2 frilled lizards
  A hobgoblin zombie (Ossuary)
  5 kobolds
  3 kobold zombies (Ossuary)
  2 leopard gecko skeletons
  2 orc zombies (Ossuary)
  7 rats
136 creatures vanquished.

Notes
Turn   | Place    | Note
-------+----------+-------------------------------------------
     0 | D:1      | KristoblXynda the Draconian Transmuter began the quest for the Orb.
     0 | D:1      | Reached XP level 1. HP: 16/16 MP: 3/3
   420 | D:1      | Reached XP level 2. HP: 18/23 MP: 5/5
   734 | D:1      | Reached XP level 3. HP: 22/28 MP: 6/6
  1668 | D:2      | Found a shattered altar of Ashenzari.
  1671 | D:2      | Found a basalt altar of Yredelemnul.
  1699 | D:2      | Became a worshipper of Ashenzari the Shackled
  1825 | D:2      | Reached XP level 4. HP: 29/35 MP: 5/7
  1843 | D:2      | Learned a level 3 spell: Spider Form
  1914 | D:2      | Reached skill level 4 in Unarmed Combat
  2821 | D:3      | Found a stormy altar of Qazlal.
  2902 | D:3      | Reached XP level 5. HP: 16/40 MP: 4/8
  3242 | D:3      | Found an iron altar of Okawaru.
  3883 | D:4      | Found a staircase to the Ecumenical Temple.
  3897 | Temple   | Entered the Ecumenical Temple
  4202 | D:4      | Noticed a phantom
  4228 | D:4      | Reached skill level 5 in Unarmed Combat
  4234 | D:4      | Reached XP level 6. HP: 26/47 MP: 3/9
  4538 | D:4      | Reached skill level 1 in Shields
  4656 | D:4      | Found an ornate altar of the Wu Jian Council.
  4919 | D:4      | Found a white marble altar of Elyvilon.
  4955 | D:4      | Found a bloodstained altar of Trog.
  5084 | D:5      | Entered Level 5 of the Dungeon
  5136 | D:5      | Noticed a sky beast
  5160 | D:5      | Reached * piety under Ashenzari
  5207 | D:5      | Killed a sky beast
  5207 | D:5      | Reached skill level 6 in Unarmed Combat
  5207 | D:5      | Your scales start taking on a dull iron-grey colour.
  5207 | D:5      | Reached XP level 7. HP: 29/52 MP: 3/10
  5207 | D:5      | Gained mutation: You can survive without breathing. [Grey Draconian growth]
  6110 | D:5      | Reached skill level 7 in Unarmed Combat
  6110 | D:5      | Reached skill level 5 in Transmutations
  6230 | D:6      | Found Vurphaagu's Armour Emporium.
  6328 | D:6      | Found Gozag's Platinum Reserve.
  6328 | D:6      | Found an opulent altar of Gozag.
  6432 | D:6      | Reached XP level 8. HP: 59/59 MP: 7/11
  6585 | D:6      | Reached ** piety under Ashenzari
  7064 | D:7      | Reached skill level 1 in Evocations
  7099 | D:7      | Found a sand-covered staircase.
  7103 | Ossuary  | Entered an ossuary
  7273 | Ossuary  | Reached skill level 8 in Unarmed Combat
  7712 | D:7      | Noticed a hippogriff
  7730 | D:7      | Slain by a hippogriff

Vault maps used:
D:1:      dpeg_arrival_lava_altar, patterned_corridor
D:2:      chequers_temple_overflow_statue_of_worship, wad_floor_pattern_2
D:3:      lemuel_coloured_pillars_altar, first_ration, okawaru_gym_becter
D:4:      elyvilon_altar_3, lemuel_crystal_altar, kennysheep_mini,
          temple_fountains, kennysheep_generic_room_7
D:5:      minmay_misc_feat_doors
D:6:      serial_shops, nicolae_shop_window_shopping,
          nicolae_gozag_zags_fifth_avenue
D:7:      enter_ossuary_5, serial_glass, glass_columns_c, glass_columns_a,
          uniq_pikel
Temple:   eino_temple_scatter_basement
Ossuary:  ossuary_tomb_3

Skill      XL: |  1  2  3  4  5  6  7  8 |
---------------+-------------------------+-----
Dodging        | 2 |  2.6
Transmutations | 3 4 5 |  5.9
Unarmed Combat | 4 5 6 7 8 |  8.3
Shields        | 2 3 |  3.5
Evocations     | 2 |  2.1
Fighting       | |  1.1
Spellcasting   | |  2.0

Action                   |  1- 3 |  4- 6 |  7- 9 || total
-------------------------+-------+-------+-------++-------
Melee: Unarmed           |   215 |   242 |   280 ||   737
       Tailslap          |    22 |    15 |    28 ||    65
       Punch             |     1 |     1 |       ||     2
       Headbutt          |     1 |     2 |     5 ||     8
       Kick              |       |     7 |       ||     7
 Cast: Beastly Appendage |     1 |     8 |     4 ||    13
       Spider Form       |       |     4 |     5 ||     9
Invok: Curse Item        |       |     1 |     1 ||     2
Evoke: Wand              |       |       |     1 ||     1
  Use: Potion            |       |     2 |     2 ||     4
       Scroll            |       |     7 |     6 ||    13
 Stab: Sleeping          |     1 |       |       ||     1
  Eat: Chunk             |     3 |     6 |     6 ||    15
       Ration            |       |     2 |     1 ||     3
Armor: Skin              |    86 |    66 |    70 ||   222
Dodge: Dodged            |   181 |   147 |   158 ||   486
Block: Buckler           |       |    15 |    58 ||    73

Table legend:
 A = Spawn XP
 B = Non-spawn XP
 C = Spawn XP percentage of total XP
 D = Spawn monster count
 E = Non-spawn monster count
 F = Spawn count percentage of total count
 G = Total turns spent on level
                    A         B        C        D         E        F      G
               +---------+---------+-------+---------+---------+-------+---------
         Total |       0 |    2220 |   0.0 |       0 |     136 |   0.0 |  7730
               +---------+---------+-------+---------+---------+-------+---------
           D:1 |       0 |      47 |   0.0 |       0 |      23 |   0.0 |  1059
           D:2 |       0 |      87 |   0.0 |       0 |      24 |   0.0 |  1409
           D:3 |       0 |     153 |   0.0 |       0 |      21 |   0.0 |  1311
           D:4 |       0 |     328 |   0.0 |       0 |      14 |   0.0 |  1132
           D:5 |       0 |     693 |   0.0 |       0 |      23 |   0.0 |  1138
           D:6 |       0 |     397 |   0.0 |       0 |       7 |   0.0 |   807
           D:7 |       0 |     344 |   0.0 |       0 |       8 |   0.0 |   188
       Ossuary |       0 |     171 |   0.0 |       0 |      16 |   0.0 |   513
               +---------+---------+-------+---------+---------+-------+---------
